General information
- name: BNet
- type: Ladder team game (AT/RT)
- host: Battle.net
- saver: goku-tapped-me
map: Deadlands
- players: 8
- length: 34:21
- speed: Fast
- version: 1.26 W3XP
- replay type: Public
» download(240 KB)
Players
team 1 (loser)

»
ruhmond (
purple | 65 APM | 1222 actions | 18:47)
3 Death Knight
2 Death Coil
1 Unholy Aura
1 Lich
1 Frost Nova
» actions
| Build / train | 62 | |
| Enter build submenu | 25 | |
| Enter hero's abilities submenu | 4 | |
| Give item / drop item | 1 | |
| Remove unit from queue | 1 | |
| Right click | 696 | |
| Select / deselect | 382 | |
| Use ability | 51 | |
1222 total
» units
| Acolyte | 12 | |
| Ghoul | 2 | |
| Crypt Fiend | 10 | |
24 total
» upgrades
| Creature Attack | 2 | |
| Creature Carapace | 2 | |
| Web | 1 | |
| Burrow | 1 | |
6 total
» buildings
| Graveyard | 1 | |
| Crypt | 2 | |
| Altar of Darkness | 1 | |
| Ziggurat | 15 | |
| Tomb of Relics | 1 | |
| Nerubian Tower | 2 | |
| Spirit Tower | 11 | |
| Halls of the Dead | 1 | |
| Necropolis | 1 | |
| Black Citadel | 2 | |
37 total
» build order
00:54 Graveyard
00:58 Crypt
01:00 Altar of Darkness
01:03 Ziggurat
01:09 Tomb of Relics
01:17 Ziggurat
01:57 Nerubian Tower
03:43 Crypt
04:38 Ziggurat
04:41 Ziggurat
06:03 Spirit Tower
06:46 Halls of the Dead
08:30 Necropolis
12:24 Ziggurat
13:19 Spirit Tower
13:31 Ziggurat
13:35 Nerubian Tower
13:37 Ziggurat
13:45 Ziggurat
13:49 Ziggurat
14:25 Spirit Tower
14:47 Ziggurat
14:51 Spirit Tower
14:51 Spirit Tower
14:52 Spirit Tower
14:53 Ziggurat
14:54 Ziggurat
14:55 Ziggurat
14:55 Ziggurat
15:34 Ziggurat
15:34 Spirit Tower
16:15 Black Citadel
16:38 Spirit Tower
16:38 Spirit Tower
17:08 Spirit Tower
17:09 Spirit Tower
» items
| Rod of Necromancy | 2 | |
| Potion of Mana | 1 | |
| Scroll of Town Portal | 1 | |
| Dust of Appearance | 1 | |
5 total
adqwrtr31591512 (
orange | 65 APM | 2245 actions | 34:20)
5 Blademaster
3 Wind Walk
2 Critical Strike
1 Death Knight
1 Unholy Aura
» actions
| Assign group hotkey | 226 | |
| Basic commands | 14 | |
| Build / train | 108 | |
| ESC pressed | 3 | |
| Enter build submenu | 39 | |
| Enter hero's abilities submenu | 6 | |
| Give item / drop item | 13 | |
| Right click | 831 | |
| Select / deselect | 336 | |
| Select group hotkey | 506 | |
| Use ability | 163 | |
2245 total
» units
| Peon | 18 | |
| Grunt | 8 | |
| Goblin Shredder | 6 | |
| Wind Rider | 8 | |
40 total
» upgrades
| Armor | 3 | |
| Berserker Strength | 1 | |
| Reinforced Defenses | 1 | |
| Envenomed Spears | 1 | |
| Ranged Weapons | 3 | |
| Masonry | 1 | |
| Spiked Barricades | 2 | |
| Pillage | 1 | |
| Backpack | 1 | |
14 total
» buildings
| Orc Burrow | 5 | |
| Altar of Storms | 1 | |
| Barracks | 1 | |
| Voodoo Lounge | 1 | |
| Stronghold | 6 | |
| War Mill | 1 | |
| Fortress | 5 | |
| Watch Tower | 32 | |
| Beastiary | 4 | |
| Great Hall | 2 | |
58 total
» build order
00:12 Orc Burrow
00:50 Altar of Storms
00:52 Barracks
01:23 Orc Burrow
02:09 Orc Burrow
02:12 Voodoo Lounge
03:58 Stronghold
03:58 Stronghold
03:58 Stronghold
05:11 War Mill
06:30 Fortress
06:30 Fortress
07:05 Watch Tower
07:06 Watch Tower
07:07 Watch Tower
07:15 Beastiary
08:36 Great Hall
08:57 Watch Tower
08:57 Watch Tower
08:59 Watch Tower
09:01 Watch Tower
09:03 Watch Tower
09:03 Watch Tower
09:33 Orc Burrow
12:03 Beastiary
12:49 Beastiary
12:50 Beastiary
15:45 Great Hall
15:52 Watch Tower
15:53 Watch Tower
15:54 Watch Tower
15:55 Watch Tower
16:06 Watch Tower
16:07 Watch Tower
16:08 Watch Tower
16:09 Watch Tower
16:11 Watch Tower
16:14 Watch Tower
16:15 Watch Tower
16:20 Watch Tower
16:25 Watch Tower
16:55 Orc Burrow
17:00 Watch Tower
17:01 Watch Tower
19:10 Watch Tower
19:10 Watch Tower
19:12 Watch Tower
19:13 Stronghold
19:15 Watch Tower
19:20 Watch Tower
19:25 Watch Tower
20:20 Watch Tower
20:26 Watch Tower
21:46 Fortress
21:47 Fortress
» items
| Healing Salve | 4 | |
| Lesser Clarity Potion | 4 | |
| Periapt of Vitality | 1 | |
| Potion of Lesser Invulnerability | 1 | |
| Staff of Teleportation | 1 | |
| Boots of Speed | 1 | |
| Orb of Lightning | 1 | |
13 total
slimcharles1 (
teal | 39 APM | 744 actions | 18:53)
3 Mountain King
2 Storm Bolt
1 Bash
2 Paladin
1 Holy Light
1 Divine Shield
» actions
| Build / train | 56 | |
| Enter build submenu | 20 | |
| Enter hero's abilities submenu | 5 | |
| Right click | 464 | |
| Select / deselect | 167 | |
| Use ability | 32 | |
744 total
» units
| Peasant | 15 | |
| Footman | 11 | |
| Draenei Darkslayer | 1 | |
| Voidwalker | 1 | |
| Draenei Disciple | 1 | |
| Fel Beast | 1 | |
| Knight | 5 | |
| Sorceress | 2 | |
| Priest | 2 | |
39 total
» upgrades
| Plating | 2 | |
| Swords | 1 | |
| Sorceress Training | 2 | |
| Priest Training | 1 | |
| Animal War Training | 1 | |
7 total
» buildings
| Altar of Kings | 1 | |
| Farm | 9 | |
| Barracks | 2 | |
| Lumber Mill | 1 | |
| Scout Tower | 1 | |
| Guard Tower | 1 | |
| Keep | 1 | |
| Blacksmith | 1 | |
| Castle | 1 | |
| Arcane Sanctum | 2 | |
20 total
» build order
00:25 Altar of Kings
00:29 Farm
00:39 Barracks
01:08 Farm
01:54 Farm
02:26 Lumber Mill
02:35 Scout Tower
03:11 Farm
03:39 Guard Tower
03:42 Keep
04:03 Farm
04:59 Blacksmith
06:49 Farm
06:51 Castle
06:57 Barracks
07:05 Arcane Sanctum
07:11 Arcane Sanctum
08:12 Farm
11:44 Farm
11:46 Farm
Beradley (
red | 24 APM | 456 actions | 18:49)
3 Demon Hunter
2 Immolation
1 Evasion
» actions
| Assign group hotkey | 1 | |
| Basic commands | 41 | |
| Build / train | 53 | |
| Enter build submenu | 26 | |
| Enter hero's abilities submenu | 3 | |
| Remove unit from queue | 4 | |
| Right click | 121 | |
| Select / deselect | 171 | |
| Select group hotkey | 3 | |
| Use ability | 33 | |
456 total
» units
| Wisp | 21 | |
| Archer | 2 | |
| Hippogryph | 11 | |
| Chimaera | 4 | |
| Faerie Dragon | 5 | |
43 total
» upgrades
» buildings
| Altar of Elders | 1 | |
| Moon Well | 9 | |
| Ancient of War | 1 | |
| Ancient of Wonders | 1 | |
| Tree of Ages | 1 | |
| Tree of Life | 3 | |
| Tree of Eternity | 1 | |
| Ancient of Wind | 1 | |
| Chimaera Roost | 3 | |
21 total
» build order
00:15 Altar of Elders
00:17 Moon Well
01:24 Ancient of War
01:46 Ancient of Wonders
03:11 Tree of Ages
03:21 Moon Well
05:19 Tree of Life
05:23 Tree of Life
06:44 Tree of Eternity
08:37 Ancient of Wind
09:51 Chimaera Roost
09:53 Chimaera Roost
11:05 Chimaera Roost
11:23 Moon Well
11:27 Moon Well
13:25 Moon Well
13:27 Moon Well
13:29 Moon Well
14:03 Moon Well
14:05 Moon Well
15:48 Tree of Life
team 2 (winner)

»
Laissez-Faire (
blue | 104 APM | 3589 actions | 34:20)
4 Archmage
2 Summon Water Elemental
2 Brilliance Aura
3 Mountain King
2 Storm Bolt
1 Bash
3 Paladin
2 Holy Light
1 Divine Shield
» actions
| Assign group hotkey | 30 | |
| Basic commands | 28 | |
| Build / train | 109 | |
| ESC pressed | 4 | |
| Enter build submenu | 34 | |
| Enter hero's abilities submenu | 10 | |
| Give item / drop item | 2 | |
| Right click | 1577 | |
| Select / deselect | 389 | |
| Select group hotkey | 1265 | |
| Use ability | 141 | |
3589 total
» units
| Peasant | 25 | |
| Footman | 14 | |
| Goblin Zeppelin | 1 | |
| Voidwalker | 1 | |
| Gryphon Rider | 5 | |
| Dragonhawk Rider | 5 | |
51 total
» upgrades
| Lumber Harvesting | 1 | |
| Defend | 1 | |
| Storm Hammers | 1 | |
| Cloud | 1 | |
| Animal War Training | 1 | |
| Swords | 3 | |
| Armor | 3 | |
11 total
» buildings
| Altar of Kings | 1 | |
| Farm | 18 | |
| Barracks | 1 | |
| Town Hall | 2 | |
| Scout Tower | 3 | |
| Lumber Mill | 1 | |
| Keep | 1 | |
| Arcane Vault | 1 | |
| Arcane Tower | 2 | |
| Blacksmith | 1 | |
| Castle | 2 | |
| Gryphon Aviary | 4 | |
| Guard Tower | 4 | |
41 total
» build order
00:06 Altar of Kings
00:19 Farm
00:20 Barracks
00:57 Farm
01:32 Farm
01:47 Farm
03:11 Farm
04:22 Town Hall
04:27 Scout Tower
04:40 Lumber Mill
05:13 Keep
05:27 Arcane Vault
05:29 Farm
05:33 Arcane Tower
07:21 Blacksmith
07:36 Castle
07:36 Castle
07:44 Gryphon Aviary
07:46 Gryphon Aviary
08:03 Scout Tower
08:04 Scout Tower
08:44 Guard Tower
09:19 Gryphon Aviary
09:22 Gryphon Aviary
09:32 Guard Tower
09:50 Farm
09:51 Farm
09:52 Farm
09:55 Farm
10:45 Farm
10:56 Guard Tower
12:26 Farm
12:27 Farm
15:19 Farm
15:20 Farm
15:21 Farm
15:21 Farm
17:54 Farm
20:27 Town Hall
» items
| Scroll of Regeneration | 3 | |
| Scroll of Healing | 2 | |
| Scroll of Town Portal | 3 | |
| Boots of Speed | 1 | |
| Potion of Lesser Invulnerability | 1 | |
| Ivory Tower | 1 | |
| Orb of Fire | 1 | |
| Staff of Sanctuary | 2 | |
| Potion of Healing | 1 | |
15 total
BarbarianConan (
yellow | 50 APM | 1728 actions | 34:20)
7 Blademaster
3 Wind Walk
3 Critical Strike
1 Bladestorm
» actions
| Assign group hotkey | 24 | |
| Basic commands | 243 | |
| Build / train | 65 | |
| Enter build submenu | 45 | |
| Enter hero's abilities submenu | 7 | |
| Give item / drop item | 4 | |
| Remove unit from queue | 1 | |
| Right click | 683 | |
| Select / deselect | 337 | |
| Select group hotkey | 194 | |
| Use ability | 125 | |
1728 total
» units
| Peon | 8 | |
| Grunt | 6 | |
| Goblin Shredder | 1 | |
| Goblin Sapper | 2 | |
| Troll Batrider | 7 | |
| Wind Rider | 4 | |
28 total
» upgrades
| Reinforced Defenses | 1 | |
| Ranged Weapons | 3 | |
| Armor | 3 | |
| Liquid Fire | 1 | |
| Envenomed Spears | 1 | |
| Pillage | 1 | |
10 total
» buildings
| Orc Burrow | 8 | |
| Altar of Storms | 1 | |
| Barracks | 1 | |
| Voodoo Lounge | 1 | |
| War Mill | 1 | |
| Stronghold | 1 | |
| Great Hall | 2 | |
| Watch Tower | 35 | |
| Fortress | 1 | |
| Beastiary | 4 | |
55 total
» build order
00:15 Orc Burrow
00:55 Altar of Storms
00:56 Barracks
01:11 Orc Burrow
01:38 Voodoo Lounge
02:22 War Mill
03:44 Stronghold
05:06 Great Hall
05:24 Watch Tower
05:24 Watch Tower
05:24 Watch Tower
05:25 Watch Tower
05:29 Orc Burrow
07:09 Fortress
08:49 Beastiary
08:49 Beastiary
08:50 Beastiary
09:03 Beastiary
10:35 Watch Tower
10:35 Watch Tower
10:41 Watch Tower
10:41 Watch Tower
10:43 Watch Tower
10:51 Watch Tower
10:55 Watch Tower
11:00 Watch Tower
11:03 Watch Tower
14:49 Watch Tower
16:50 Watch Tower
16:51 Watch Tower
17:01 Watch Tower
17:02 Watch Tower
17:04 Watch Tower
20:37 Watch Tower
20:38 Watch Tower
20:39 Watch Tower
20:39 Watch Tower
20:40 Watch Tower
20:41 Watch Tower
20:42 Watch Tower
20:43 Watch Tower
20:45 Watch Tower
20:46 Watch Tower
20:47 Watch Tower
20:49 Watch Tower
20:50 Watch Tower
20:52 Watch Tower
20:52 Watch Tower
20:57 Orc Burrow
20:59 Orc Burrow
21:01 Orc Burrow
21:05 Orc Burrow
21:08 Orc Burrow
25:02 Great Hall
» items
| Healing Salve | 3 | |
| Mechanical Critter | 2 | |
| Scroll of Town Portal | 2 | |
| Orb of Lightning | 1 | |
| Lesser Clarity Potion | 2 | |
| Potion of Mana | 1 | |
| Boots of Speed | 1 | |
| Periapt of Vitality | 1 | |
| Staff of Teleportation | 1 | |
| Potion of Lesser Invulnerability | 1 | |
15 total
goku-tapped-me (
green | 50 APM | 1717 actions | 34:21)
4 Mountain King
2 Storm Bolt
2 Bash
» actions
| Assign group hotkey | 28 | |
| Basic commands | 180 | |
| Build / train | 68 | |
| Enter build submenu | 20 | |
| Enter hero's abilities submenu | 4 | |
| Give item / drop item | 3 | |
| Right click | 615 | |
| Select / deselect | 348 | |
| Select group hotkey | 386 | |
| Use ability | 65 | |
1717 total
» units
| Peasant | 14 | |
| Footman | 5 | |
| Gryphon Rider | 7 | |
| Goblin Shredder | 1 | |
27 total
» upgrades
| Masonry | 3 | |
| Lumber Harvesting | 2 | |
| Animal War Training | 1 | |
| Swords | 2 | |
| Armor | 2 | |
| Storm Hammers | 1 | |
11 total
» buildings
| Altar of Kings | 1 | |
| Barracks | 1 | |
| Farm | 12 | |
| Scout Tower | 16 | |
| Arcane Tower | 2 | |
| Arcane Vault | 1 | |
| Lumber Mill | 1 | |
| Town Hall | 1 | |
| Guard Tower | 11 | |
| Keep | 1 | |
| Castle | 2 | |
| Gryphon Aviary | 4 | |
| Blacksmith | 1 | |
54 total
» build order
00:09 Altar of Kings
00:21 Barracks
00:36 Farm
00:52 Farm
01:30 Farm
01:38 Scout Tower
02:15 Arcane Tower
02:54 Arcane Vault
03:13 Lumber Mill
04:00 Town Hall
04:03 Scout Tower
04:04 Scout Tower
04:04 Scout Tower
04:41 Guard Tower
05:28 Keep
05:40 Scout Tower
05:40 Scout Tower
05:41 Scout Tower
06:01 Scout Tower
06:02 Scout Tower
06:14 Guard Tower
06:14 Guard Tower
06:18 Arcane Tower
06:51 Guard Tower
06:52 Guard Tower
08:21 Castle
08:21 Castle
08:56 Gryphon Aviary
08:56 Gryphon Aviary
09:19 Farm
09:19 Farm
09:19 Farm
12:18 Blacksmith
12:25 Farm
12:25 Farm
12:25 Farm
12:46 Farm
12:47 Farm
12:47 Farm
14:13 Gryphon Aviary
15:37 Scout Tower
15:38 Scout Tower
15:38 Scout Tower
15:38 Scout Tower
15:38 Scout Tower
15:40 Scout Tower
15:40 Scout Tower
16:15 Guard Tower
16:16 Guard Tower
16:24 Guard Tower
16:47 Guard Tower
19:16 Gryphon Aviary
» items
| Scroll of Regeneration | 2 | |
| Staff of Teleportation | 1 | |
| Scroll of Town Portal | 1 | |
| Mechanical Critter | 1 | |
| Staff of Sanctuary | 1 | |
| Potion of Lesser Invulnerability | 1 | |
| Potion of Invisibility | 1 | |
8 total

»
651684313219687 (
pink | 154 APM | 3464 actions | 22:30)
5 Archmage
3 Summon Water Elemental
2 Brilliance Aura
4 Mountain King
2 Storm Bolt
2 Bash
» actions
| Assign group hotkey | 39 | |
| Basic commands | 245 | |
| Build / train | 126 | |
| ESC pressed | 3 | |
| Enter build submenu | 59 | |
| Enter hero's abilities submenu | 9 | |
| Give item / drop item | 5 | |
| Right click | 1279 | |
| Select / deselect | 909 | |
| Select group hotkey | 661 | |
| Use ability | 129 | |
3464 total
» units
| Peasant | 22 | |
| Footman | 10 | |
| Spell Breaker | 6 | |
| Sorceress | 7 | |
| Priest | 6 | |
51 total
» upgrades
| Masonry | 3 | |
| Swords | 2 | |
| Plating | 3 | |
| Defend | 1 | |
| Lumber Harvesting | 2 | |
| Magic Sentry | 1 | |
| Priest Training | 2 | |
| Sorceress Training | 2 | |
16 total
» buildings
| Altar of Kings | 1 | |
| Farm | 14 | |
| Barracks | 1 | |
| Arcane Vault | 2 | |
| Lumber Mill | 1 | |
| Town Hall | 1 | |
| Scout Tower | 27 | |
| Arcane Tower | 5 | |
| Guard Tower | 14 | |
| Keep | 2 | |
| Blacksmith | 2 | |
| Arcane Sanctum | 4 | |
| Castle | 1 | |
75 total
» build order
00:08 Altar of Kings
00:12 Farm
00:30 Barracks
00:46 Farm
01:27 Farm
02:16 Arcane Vault
03:19 Farm
04:07 Lumber Mill
04:40 Town Hall
04:46 Scout Tower
04:50 Scout Tower
04:54 Scout Tower
04:55 Scout Tower
04:56 Scout Tower
05:08 Farm
05:17 Arcane Tower
05:17 Guard Tower
05:28 Guard Tower
06:00 Guard Tower
06:09 Farm
06:19 Scout Tower
06:24 Scout Tower
06:27 Scout Tower
06:46 Guard Tower
06:52 Keep
06:58 Blacksmith
07:02 Farm
07:07 Blacksmith
07:12 Arcane Tower
07:15 Scout Tower
07:17 Scout Tower
07:37 Arcane Vault
08:06 Guard Tower
09:08 Farm
09:19 Arcane Sanctum
09:20 Arcane Sanctum
09:25 Arcane Sanctum
09:28 Arcane Sanctum
09:41 Scout Tower
09:43 Scout Tower
09:43 Scout Tower
09:44 Scout Tower
09:44 Scout Tower
10:22 Arcane Tower
10:56 Castle
11:25 Farm
11:28 Farm
11:54 Guard Tower
12:12 Farm
13:10 Farm
13:10 Farm
13:15 Farm
14:09 Scout Tower
14:11 Scout Tower
14:13 Scout Tower
14:14 Scout Tower
14:17 Scout Tower
14:17 Scout Tower
14:46 Arcane Tower
15:24 Guard Tower
15:59 Guard Tower
16:02 Scout Tower
18:11 Guard Tower
20:17 Arcane Tower
20:22 Guard Tower
20:31 Scout Tower
20:59 Scout Tower
21:02 Guard Tower
21:26 Scout Tower
21:28 Scout Tower
21:29 Guard Tower
21:37 Scout Tower
22:08 Guard Tower
22:08 Guard Tower
» items
| Scroll of Regeneration | 5 | |
| Periapt of Vitality | 1 | |
| Circlet of Nobility | 1 | |
| Lesser Clarity Potion | 1 | |
| Orb of Fire | 1 | |
| Dust of Appearance | 1 | |
| Boots of Speed | 1 | |
| Scroll of Town Portal | 2 | |
| Ivory Tower | 3 | |
16 total
Chat log
(06:27 / All) adqwrtr31591512: ur nigger footies ognan folow me on thole wmaop??
(06:57 / All) adqwrtr31591512: nigger
(08:06 / All) goku-tapped-me: Y WOULD U RUN RPINK
(08:08 / All) goku-tapped-me: U FUCKING IDIOT
(08:12 / Allies) goku-tapped-me: pink
(08:14 / Allies) goku-tapped-me: ur such a faggot
(08:27 / All) goku-tapped-me: did u guys ssee that
(08:30 / All) goku-tapped-me: purple was rgiht there
(09:31 / Allies) goku-tapped-me: talk pink
(09:32 / Allies) goku-tapped-me: u faggot
(09:35 / Allies) goku-tapped-me: why did u run from purple
(09:37 / Allies) goku-tapped-me: like a coward
(10:25 / Allies) 651684313219687: LUMBER PLEASE
(11:52 / Allies) 651684313219687: lol
(16:42 / Allies) Laissez-Faire: need green
(18:57 / All) adqwrtr31591512: LOL
(19:13 / All) BarbarianConan: CAN'T HANDLE THEBATS
(21:30 / All) adqwrtr31591512: LEAVE
(21:31 / All) adqwrtr31591512: YIU LOSE
(21:32 / All) adqwrtr31591512: YIU LOSE
(21:59 / All) 651684313219687: lol
(22:01 / All) adqwrtr31591512: ouch looked away from my screen
(22:03 / All) adqwrtr31591512: you lose
(22:05 / All) adqwrtr31591512: leave noobs
(22:13 / All) adqwrtr31591512: LEAVE
(22:14 / All) adqwrtr31591512: NOOBS
(22:20 / All) Laissez-Faire: dude u got somked
(22:21 / All) adqwrtr31591512: YOU LOSE
(22:21 / All) Laissez-Faire: smoked
(22:22 / All) adqwrtr31591512: OUT
(22:23 / All) adqwrtr31591512: YOU GOT SMOKED
(22:25 / All) adqwrtr31591512: YOU GOT SMOKED
(22:30 / All) adqwrtr31591512: OUT NOOBS YOU LOSE YOU LEAVE YOU LOSE YOU LEAVE
(22:33 / All) adqwrtr31591512: YEAH
(22:33 / All) goku-tapped-me: faggot lol
(22:34 / All) adqwrtr31591512: OUT
(22:37 / All) adqwrtr31591512: FOLLOW HIM
(22:38 / All) adqwrtr31591512: AND LEAVE
(22:38 / All) adqwrtr31591512: OUT
(22:39 / All) adqwrtr31591512: NOOB
(22:40 / All) adqwrtr31591512: OUT
(22:49 / All) adqwrtr31591512: NOOB LEAVES NOW
(23:08 / All) BarbarianConan: WHAT A REVERSAL OF FORTUNES HUH BLUE
(23:14 / All) adqwrtr31591512: LOL
(23:17 / All) goku-tapped-me: blue u deserve this
(23:18 / All) goku-tapped-me: u nigger
(23:22 / All) adqwrtr31591512: LOL
(23:22 / All) goku-tapped-me: pink abandoned me vs purple
(23:23 / All) adqwrtr31591512: YOU LOSE
(23:25 / All) goku-tapped-me: and u said nothing
(24:14 / All) goku-tapped-me: next time blue, if an ally abandons another ally, u tk him. u dont say nothing
(24:21 / All) goku-tapped-me: U got this coming
(24:45 / All) goku-tapped-me: trust me blue i know u arent afk
(24:52 / All) BarbarianConan: blue is true to his name
(24:55 / All) goku-tapped-me: ill watch replay and see u selecting my stuff
(25:02 / All) adqwrtr31591512: WANT TO PLAY MORE GAMES AFTER THJIS
(25:04 / All) adqwrtr31591512: OR ARE WE ODNE
(25:18 / All) BarbarianConan: up to you dudes
(25:24 / All) goku-tapped-me: ya
(25:48 / All) goku-tapped-me: did u guys even see wut pink did, he went to go attack purple who was on our side of map then just left me hanging vs 10 fiend
(26:36 / All) BarbarianConan: he pulled back when I went up against purp fiend too
(26:45 / All) BarbarianConan: so I had 3 grunts and a bm vs mass fiends thinking you guys were behind me
(30:04 / All) BarbarianConan: dipshit jake
(30:07 / All) goku-tapped-me: wasnt me
(30:12 / All) BarbarianConan: sure lol
(30:16 / All) goku-tapped-me: he isnt afk moron
(30:29 / All) BarbarianConan: the towers went right back to killing pink's stuff
(30:34 / All) BarbarianConan: soon as I got out of range
(30:35 / All) goku-tapped-me: that wasme
(30:44 / All) BarbarianConan: you just happened to be watching eh
(30:57 / All) goku-tapped-me: he is using reverse phscyology on us
(31:15 / All) BarbarianConan: I'd bet 10 american dollars if I watched replay it'll be you selecting the towers
(31:20 / All) goku-tapped-me: watch if he kills my hero it means it was him
(31:26 / All) BarbarianConan: nope lol
(31:37 / All) goku-tapped-me: do blue u fuckerlol
(32:09 / All) goku-tapped-me: i swear to god i was selecting the towers as soon as u pulled out but he was selecting them when he made them attack
(32:47 / All) BarbarianConan: Tojara always brings his A game
(33:13 / All) BarbarianConan: rod was stuck wtih jubei
(33:15 / All) BarbarianConan: jubei is slacker
(33:36 / All) adqwrtr31591512: TYEAH I WOULD HAVE PLAYUED WAY BETTER IF I HAD TGE ITGER BM
(33:56 / All) goku-tapped-me: invisble
(33:58 / All) BarbarianConan: invis pot
(34:00 / All) BarbarianConan: lol